Map: Hielo y cromo EE

Players

MrFercho

  • Race: Zerg Zerg
  • League: Gold
  • Spawn Location: 1:00

Max - Winner!

  • Race: Terran Terran
  • League: Silver
  • Spawn Location: 7:00

VOD

Have the link to the VOD?

Description

Time

  • Played on: July 25, 2020, 8:55 p.m.
  • Length: 13:30
Show
View Real Time Build Order
Export as new Build Order

MrFercho Zerg 

Build Orders: Hatch First 

Get SALT Encoding   

  12  0:01  Drone  
  13  0:14  Overlord  
  13  0:17  Drone  
  14  0:32  Drone x2  
  16  0:54  Hatchery  
  16  0:55  Drone  
  17  0:57  Drone  
  17  1:00  Drone  
  18  1:11  Extractor  
  17  1:18  Spawning Pool  
  16  1:19  Drone  
  16  1:22  Drone  
  18  1:30  Drone  
  19  1:42  Drone  
  20  1:52  Overlord  
  20  2:05  Queen  
  20  2:06  Queen  
  24  2:10  Zergling x4  
  24  2:12  Drone  
  27  2:20  Drone  
  28  2:25  Drone  
  29  2:31  Drone  
  29  2:36  Drone  
  31  2:39  Drone  
  32  2:48  Overlord  
  32  3:09  Lair  
  32  3:23  Roach Warren  
  32  3:27  Evolution Chamber, Drone  
  30  3:28  Drone x5  
  30  3:31  Extractor  
  35  3:42  Drone  
  35  3:44  Overlord x2  
  36  4:00  Overlord  
  36  4:01  Queen  
  38  4:05  Drone x3  
  41  4:10  Drone x2  
  43  4:32  Drone x3  
  43  4:33  Drone  
  43  4:34  Drone x3  
  43  4:36  Glial Reconstitution  
  50  4:44  Zerg Missile Weapons Level 1  
  50  4:50  Extractor  
  49  4:57  Roach  
  49  4:58  Roach x4  
  59  5:00  Overlord x3  
  59  5:17  Queen  
  59  5:19  Hatchery, Drone  
  61  5:23  Drone  
  62  5:35  Roach x2  
  66  5:36  Roach x4  
  66  5:38  Hatchery  
  66  5:41  Overlord x3  
  73  5:43  Drone  
  74  5:59  Evolution Chamber  
  71  6:26  Drone  
  71  6:27  Drone x5  
  77  6:41  Zerg Missile Weapons Level 2  
  77  6:43  Zerg Ground Armor Level 1  
  77  6:49  Roach x3  
  80  7:06  Spine Crawler  
  75  7:10  Spine Crawler  
  75  7:12  Spine Crawler  
  73  7:17  Roach x8  
  73  7:19  Overlord x3  
  89  7:27  Queen  
  91  7:32  Drone x4  
  91  7:33  Drone  
  91  7:35  Drone x3  
  99  7:42  Drone  
  99  7:43  Drone  
  101  7:55  Hydralisk Den  
  100  8:02  Overlord  
  100  8:03  Overlord x2  
  100  8:09  Ravager x2  
  100  8:11  Drone  
  100  8:12  Drone x3  
  106  8:13  Drone x7  
  106  8:17  Spore Crawler  
  112  8:23  Drone x3  
  112  8:24  Spine Crawler x2, Queen  
  112  8:26  Spine Crawler  
  114  8:32  Infestation Pit  
  113  8:46  Extractor  
  113  8:47  Extractor  
  96  9:04  Roach x6  
  96  9:05  Roach x3  
  102  9:16  Zergling x2  
  93  9:17  Zergling x14  
  89  9:47  Drone x3  
  89  9:48  Drone x2  
  89  9:49  Drone x2  
  89  9:51  Hive  
  96  9:53  Extractor  
  96  9:55  Hatchery  
  96  9:57  Overseer  
  94  10:01  Zerg Ground Armor Level 2  
  94  10:05  Muscular Augments  
  94  10:10  Roach x12  
  94  10:14  Queen  
  107  10:33  Ravager x9  
  109  10:47  Spore Crawler  
  89  10:59  Hydralisk  
  89  11:00  Hydralisk x8  
  89  11:02  Zergling x2  
  89  11:03  Zergling x16  
  107  11:14  Hydralisk x3  
  107  11:16  Grooved Spines  
  90  11:46  Hydralisk x4  
  90  11:47  Hydralisk x2  
  78  11:56  Drone x3  
  78  11:57  Drone x8  
  86  12:10  Hydralisk x3  
  86  12:11  Hydralisk  
  88  12:21  Hydralisk  
  82  12:25  Zergling x16  
  78  12:30  Extractor  
  78  12:31  Extractor  
  70  12:49  Hydralisk x5  
  66  13:02  Hydralisk x3  
  70  13:09  Roach x3  
Show
View Real Time Build Order
Export as new Build Order

Max Terran - Winner!

Build Orders: 2 Factory 

Get SALT Encoding   

  12  0:01  SCV  
  13  0:13  SCV  
  14  0:18  Supply Depot  
  14  0:25  SCV  
  15  0:40  SCV  
  15  0:42  Barracks  
  16  0:52  SCV  
  16  0:54  Refinery  
  17  1:04  SCV  
  18  1:16  SCV  
  19  1:28  SCV  
  19  1:31  Supply Depot  
  20  1:41  Orbital Command  
  20  1:47  Reaper  
  21  1:59  Refinery  
  21  2:09  Supply Depot  
  21  2:15  Factory  
  21  2:19  Marine  
  22  2:24  SCV  
  23  2:32  Barracks  
  23  2:36  SCV  
  24  2:37  Marine  
  25  2:48  SCV  
  26  2:55  Marine  
  27  3:05  SCV  
  27  3:06  Factory Tech Lab  
  27  3:10  Factory  
  27  3:13  Factory Reactor  
  27  3:17  SCV  
  28  3:20  Command Center, Barracks Tech Lab  
  28  3:21  Barracks Reactor  
  28  3:27  Starport  
  28  3:31  SCV  
  29  3:43  SCV  
  29  3:44  Stimpack  
  30  3:53  Supply Depot  
  30  3:55  SCV, Supply Depot  
  31  3:58  Engineering Bay  
  31  4:00  Hellion  
  31  4:02  Hellion  
  35  4:07  SCV  
  35  4:08  Marine  
  35  4:09  Marine  
  38  4:15  Marauder  
  38  4:16  Starport Reactor  
  40  4:24  Supply Depot  
  40  4:25  Hellion  
  40  4:31  Hellion  
  44  4:35  Factory Tech Lab  
  44  4:37  Marine  
  45  4:38  Marine  
  46  4:47  Orbital Command  
  46  4:52  Hellion  
  48  5:02  SCV, Missile Turret  
  48  5:03  Medivac  
  51  5:07  Medivac, Orbital Command  
  51  5:10  Marine  
  54  5:19  Marine  
  57  5:21  Marauder  
  57  5:22  Hellion  
  59  5:39  SCV  
  60  5:47  Hellion x2  
  60  5:49  Hellion, Marine x2  
  67  5:50  Marine  
  67  5:51  SCV  
  67  5:52  SCV  
  71  6:03  SCV  
  72  6:12  Marine x3  
  72  6:14  Hellion x2  
  72  6:15  SCV  
  74  6:30  Marine  
  75  6:36  SCV  
  76  6:40  Refinery  
  76  6:41  Refinery  
  76  6:43  Hellion  
  78  6:57  Hellion  
  78  7:01  Marine x2  
  78  7:07  Marine  
  78  7:10  SCV  
  78  7:11  Siege Tank  
  75  7:19  Marine x2  
  75  7:21  Combat Shield  
  75  7:22  SCV  
  78  7:31  Supply Depot  
  78  7:33  Supply Depot  
  78  7:43  Supply Depot  
  78  7:44  Supply Depot  
  78  7:53  SCV, Medivac, Marine, Hellion x2  
  78  7:54  Siege Tank  
  89  8:05  SCV  
  90  8:15  Hellion x2, Marine x2  
  90  8:16  Marine  
  90  8:17  SCV  
  90  8:19  Liberator  
  101  8:26  Siege Tank  
  104  8:29  SCV, Liberator  
  104  8:33  Marine x2  
  110  8:39  Supply Depot  
  110  8:40  Supply Depot  
  110  8:56  Command Center  
  110  8:58  Marine x2  
  110  8:59  Hellion  
  110  9:00  Marine  
  110  9:01  SCV, Hellion  
  98  9:16  Siege Tank  
  91  9:17  Marine, Liberator x2  
  91  9:20  Hellion  
  91  9:22  Hellion  
  97  9:35  Marine  
  94  9:40  SCV  
  94  9:41  Hellion  
  94  9:44  Hellion  
  99  9:46  Marine  
  99  9:48  Siege Tank  
  99  9:52  SCV  
  104  9:53  Marine  
  104  9:57  Terran Infantry Weapons Level 1  
  105  10:00  Liberator  
  105  10:01  Marine  
  105  10:03  Hellion  
  105  10:04  SCV, Marine  
  105  10:05  Hellion  
  115  10:11  Marine  
  116  10:20  Siege Tank  
  119  10:24  Hellion  
  119  10:26  Hellion  
  123  10:32  Orbital Command  
  123  10:37  Marine x2  
  123  10:38  Marine  
  126  10:46  Hellion  
  126  10:48  Hellion  
  130  10:52  Siege Tank  
  130  10:55  Marine x2  
  124  11:07  Hellion  
  124  11:09  Hellion  
  126  11:15  SCV  
  127  11:19  Liberator  
  127  11:21  Marine  
  127  11:22  Marine x2  
  127  11:24  Siege Tank  
  136  11:27  SCV  
  136  11:28  Hellion  
  136  11:30  Supply Depot  
  136  11:31  Hellion  
  141  11:33  Supply Depot  
  141  11:39  SCV, Marine  
  119  11:40  Marine  
  113  11:50  Hellion  
  113  11:51  SCV  
  113  11:52  Hellion  
  116  11:56  Siege Tank  
  116  11:57  Marine  
  115  12:03  SCV  
  115  12:06  Marine x2  
  118  12:11  Hellion  
  118  12:13  Hellion  
  118  12:15  Marine  
  114  12:23  Marine  
  114  12:24  Marine  
  114  12:28  Siege Tank  
  113  12:33  Hellion, Marine  
  113  12:35  Hellion  
  113  12:36  Liberator x2  
  124  12:41  Marine x2  
  126  12:50  Marine  
  127  12:54  Hellion  
  127  12:56  Hellion  
  131  12:59  Marine x2  
  136  13:08  Marine  
Tags
 
Add a new tag
Caveats
  • Supply blocks, unpowered buildings, or Contaminate may cause inaccurate times.
  • Supply counts are checked every 10 seconds.